 Dungeon Crawl Stone Soup version 0.29.0-13-gc9e81de378 (webtiles) character file.

Game seed: 10540914896191661729

45 Persephone the Chopper (level 3, -5/31 HPs)
             Began as a Hill Orc Fighter on Sept 8, 2022.
             Killed from afar by Sigmund (12 damage)
             ... with a puff of flame
             ... on level 2 of the Dungeon.
             The game lasted 00:01:15 (1153 turns).

Persephone the Chopper (Hill Orc Fighter)           Turns: 1153, Time: 00:01:16

Health: -5/31      AC:  6    Str: 20    XL:     3   Next: 64%
Magic:  3/3        EV:  9    Int:  8    God:
Gold:   63         SH:  4    Dex: 10    Spells: 2/2 levels left

rFire   . . .      SeeInvis .   a - +0 war axe
rCold   . . .      Faith    .   c - +0 buckler
rNeg    . . .      Spirit   .   b - +0 scale mail
rPois   .          Reflect  .   (no helmet)
rElec   .          Harm     .   (no cloak)
rCorr   .          Rampage  .   (no gloves)
Will    .....                   (no boots)
Stlth   ..........              (no amulet)
HPRegen 0.10/turn               (no ring)
MPRegen 0.08/turn               (no ring)

@: no status effects
A: no striking features
a: no special abilities


You were on level 2 of the Dungeon.
You visited 1 branch of the dungeon, and saw 2 of its levels.

You collected 63 gold pieces.

Inventory:

Hand Weapons
 a - a +0 war axe (weapon)
Armour
 b - a +0 scale mail (worn)
 c - a +0 buckler (worn)
Jewellery
 i - a ring of willpower
Wands
 l - a wand of charming (13)
Scrolls
 f - a scroll of enchant weapon {unknown}
 h - a scroll of enchant armour {unknown}
Potions
 d - a potion of might
 e - a potion of brilliance {unknown}
 g - a potion of flight {unknown}
 j - a potion of haste {unknown}
 k - a potion of invisibility {unknown}
 m - a potion of degeneration {unknown}


   Skills:
 - Level 3.6 Fighting
 + Level 5.2 Axes
 - Level 3.2 Armour
 - Level 3.2 Shields


You had 2 spell levels left.
You didn't know any spells.
Your spell library contained the following spells:

 Spells                   Type           Power      Damage    Failure   Level
 Beastly Appendage        Tmut           0%         N/A       85%         1
 Wereblood                Tmut           0%         N/A       94%         2
 Spider Form              Tmut/Pois      0%         N/A       99%         3


Dungeon Overview and Level Annotations

Branches:
Dungeon (2/15)

Altars:

Annotations:
D:2 Sigmund


Message History

Deactivating autopickup; reactivate with Ctrl-A.
The goblin barely misses you.
A kobold comes into view. It is wielding a +0 dagger.
The kobold shouts!
You hit the goblin.
You kill the goblin!
Something completely misses you.
The kobold throws a stone.
The stone barely misses you.
The kobold throws a stone.
The stone barely misses you.
You see here a +0 club.
You closely miss something.
You hear a zap.
A puff of flame appears from out of thin air!
The puff of flame hits you.
The kobold throws a stone.
You hear some strange, mumbled words.
Something tries to affect you, but you resist.
You barely miss something. Something hits you but does no damage.
You miss something. Something hits you!
The kobold throws a stone.
The stone hits you.
You completely miss something. Something hits you.
You miss something.
The kobold throws a stone.
You block the stone.
You hit something but do no damage.
You hear some strange, mumbled words.
You are confused.
The kobold throws a stone.
The stone closely misses you. Something hits you.
The kobold throws a stone.
The stone completely misses you.
You bump into the rock wall.
You closely miss something. You slash the kobold!
You kill the kobold!
You hear some strange, mumbled words.
A puff of flame appears from out of thin air!
The puff of flame misses you. Something hits you!
* * * LOW HITPOINT WARNING * * *
You hit something but do no damage. Something hits you but does no damage.
You feel less confused.
You hear a zap.
A puff of flame appears from out of thin air!
The puff of flame hits you!
You die...

#~~≈≈~# #.#
##~≈≈~~####.#
#~~≈≈~#.....###
##~≈≈~~#.###....
#~~≈≈~##........
#~≈≈~~##..######
#~≈≈~###..#
#~~~## #).#
##### #{@# #..#
#... #..## #...
#.#. #.#.. #. .#


There were no monsters in sight!

Vanquished Creatures
  2 adders (D:2)
  A ball python (D:1)
  3 endoplasms (D:1)
  4 hobgoblins (D:1)
  5 kobolds
  2 quokkas (D:2)
  2 bats (D:1)
  3 frilled lizards
  3 goblins
  A rat (D:1)
26 creatures vanquished.

Notes
Turn   | Place    | Note
-------+----------+-------------------------------------------
     0 | D:1      | Persephone the Hill Orc Fighter began the quest for the
                  | Orb.
     0 | D:1      | Reached XP level 1. HP: 19/19 MP: 1/1
    30 | D:1      | Reached skill level 3 in Axes
    56 | D:1      | Reached XP level 2. HP: 22/26 MP: 2/2
   247 | D:1      | Reached skill level 4 in Axes
   870 | D:2      | Reached XP level 3. HP: 29/31 MP: 3/3
  1111 | D:2      | Reached skill level 5 in Axes
  1137 | D:2      | Noticed Sigmund
  1153 | D:2      | Killed from afar by Sigmund

Illustrated notes

Levels and vault maps discovered:
D:1:      dpeg_arrival_lava_altar, layout_basic, minmay_statues_item,
          minivault_5
D:2:      wander_river, layout_loops_ring, roderic_lattice_a, glass_columns_a,
          uniq_sigmund, uniq_crazy_yiuf_cottage

Skill      XL: |  1  2  3 |
---------------+----------+-----
Axes           | 3 4 5 |  5.2
Fighting       | |  3.6
Armour         | |  3.2
Shields        | |  3.2

Action                   || total
-------------------------++-------
Melee: War axe           ||    73
Armor: Scale mail        ||    35
Dodge: Dodged            ||    32
Block: Buckler           ||    16
